 Dungeon Crawl Stone Soup version 0.24.1 (webtiles) character file.

Game seed: 11584770221981449315, levelgen mode: deterministic

460 H0rd4k the Charlatan (level 7, -6/50 HPs)
             Began as a Human Artificer on Mar 26, 2020.
             Shot with an arrow by a centaur (8 damage)
             ... on level 5 of the Dungeon.
             The game lasted 00:06:35 (3517 turns).

H0rd4k the Charlatan (Human Artificer)              Turns: 3517, Time: 00:06:36

Health: -6/50      AC:  6    Str: 14    XL:     7   Next: 28%
Magic:  10/10      EV: 13    Int: 12    God:
Gold:   166        SH:  0    Dex: 13    Spells: 6/6 levels left

rFire    . . .     SeeInvis .   s - +1 dagger (freeze)
rCold    . . .     Gourm    .   (no shield)
rNeg     . . .     Faith    .   m - +0 leather armour
rPois    .         Spirit   .   p - +0 helmet
rElec    .         Reflect  .   (no cloak)
rCorr    .         Harm     .   (no gloves)
MR       .....                  (no boots)
Stlth    ++........             (no amulet)
HPRegen  0.56/turn              (no ring)
MPRegen  0.12/turn              (no ring)

@: lethally poisoned (-6 -> -6), very slightly contaminated
A: fangs 1, molten scales 1, regeneration 1
a: no special abilities


You were on level 5 of the Dungeon.
You were very hungry.

You visited 1 branch of the dungeon, and saw 5 of its levels.

You collected 166 gold pieces.

Inventory:

Hand Weapons
 a - a +0 short sword
 s - a +1 dagger of freezing (weapon)
Missiles
 l - 8 poisoned darts (quivered)
Armour
 b - a +0 leather armour
 m - a +0 leather armour (worn)
 p - a +0 helmet (worn)
Jewellery
 j - a +5 ring of strength {unknown}
Wands
 c - a wand of flame (4)
 e - a wand of random effects (12)
 q - a wand of iceblast (7)
Scrolls
 h - 4 scrolls of identify
 i - a scroll of magic mapping {unknown}
 k - 3 scrolls of remove curse
 r - a scroll of blinking
 u - a scroll of noise {unknown}
Potions
 g - a potion of brilliance
Comestibles
 f - 8 rations


   Skills:
 + Level 2.0 Fighting
 + Level 3.4 Short Blades
 + Level 1.0 Throwing
 + Level 2.2 Armour
 + Level 3.2 Dodging
 + Level 3.0 Stealth
 + Level 4.4 Evocations


You had 6 spell levels left.
You didn't know any spells.
Your spell library was empty.

Dungeon Overview and Level Annotations

Branches:
Dungeon (5/15)
 Temple: D:4-7

Altars:
Fedhas
Nemelex Xobeh
Okawaru
Qazlal
Wu Jian

Annotations:
D:3 exclusion: downstairs
D:4 2 runed translucent doors, Grinder; mora's ghost, amateur MiFi


Innate Abilities, Weirdness & Mutations

You have very sharp teeth.
You are partially covered in molten scales. (AC +2)
Your natural rate of healing is unusually fast.


Message History

There is an open door here.
The leopard gecko hisses angrily.
You feel sick.
The leopard gecko bites you but does no damage.
The leopard gecko bites you but does no damage.
The jackal closely misses you. The jackal barely misses you.
The centaur hits you but does no damage.
You feel sick. The centaur hits you.
* * * LOW HITPOINT WARNING * * *
The jackal misses you. The centaur hits you.
* * * LOW HITPOINT WARNING * * *
The jackal bites you but does no damage.
The centaur hits you.
* * * LOW HITPOINT WARNING * * *
The leopard gecko bites you.
* * * LOW HITPOINT WARNING * * *
The centaur wields a +0 shortbow.
The centaur shoots an arrow.
The arrow hits you!
You die...

.........#..##..#####'##.......
........<##'##..####...#.......
.............#.........##+####.
.............#.....a....# .
.............#....a.....#
....#####....#...h......# ....
#....#lch.......# ...
#.<..#†........##
+....'@........#
#....#..##.......
#....#..##.......
#....#.....#...##
#...(#.....PPP.#
#....#....PP...# #....###.PP_P
+....#


.PPP. #....# You could see a centaur, 2 worker ants, a leopard gecko and 2
jackals.

Vanquished Creatures
  Sigmund (D:2)
  A bullfrog skeleton (D:4)
  3 hounds (D:4)
  3 worker ants
  5 adders
  An ooze (D:1)
  A worm (D:2)
  2 dart slugs
  A leopard gecko (D:3)
  5 orcs
  2 giant cockroaches
  9 hobgoblins
  4 jackals
  6 kobolds
  A quokka (D:4)
  5 bats
  4 frilled lizards
  2 goblins (D:1)
  5 rats
61 creatures vanquished.

Vanquished Creatures (collateral kills)
  An orc (D:3)
  A hobgoblin (D:3)
  A frilled lizard (D:3)
  A kobold (D:3)
  A rat (D:3)
5 creatures vanquished.

Vanquished Creatures (others)
  An orc priest (D:3)
  An adder (D:2)
  3 orcs (D:3)
  A goblin (D:2)
6 creatures vanquished.

Grand Total: 72 creatures vanquished

Notes
Turn   | Place    | Note
-------+----------+-------------------------------------------
     0 | D:1      | H0rd4k the Human Artificer began the quest for the Orb.
     0 | D:1      | Reached XP level 1. HP: 15/15 MP: 3/3
    91 | D:1      | Reached XP level 2. HP: 21/21 MP: 4/4
   698 | D:1      | Reached XP level 3. HP: 14/26 MP: 5/5
   863 | D:2      | Noticed Sigmund
   882 | D:2      | Killed Sigmund
   882 | D:2      | Reached skill level 1 in Armour
   882 | D:2      | Reached skill level 4 in Evocations
   882 | D:2      | Reached XP level 4. HP: 31/32 MP: 5/7
   882 | D:2      | Reached XP level 5. HP: 36/37 MP: 5/8
  1321 | D:2      | Reached XP level 6. HP: 43/43 MP: 9/9
  1806 | D:3      | Found an iron altar of Okawaru.
  2297 | D:3      | Gained mutation: You have very sharp teeth. [potion of
                  | mutation]
  2297 | D:3      | Gained mutation: Your natural rate of healing is unusually
                  | fast. [potion of mutation]
  2297 | D:3      | Gained mutation: You are partially covered in molten
                  | scales. (AC +2) [potion of mutation]
  2877 | D:4      | Found a runed translucent door.
  2882 | D:4      | Noticed mora's ghost (amateur MiFi)
  2899 | D:4      | Found a runed translucent door.
  2959 | D:4      | Found an ornate altar of the Wu Jian Council.
  3077 | D:4      | Reached XP level 7. HP: 49/49 MP: 10/10
  3127 | D:4      | Found a sparkling altar of Nemelex Xobeh.
  3127 | D:4      | Found a stormy altar of Qazlal.
  3187 | D:4      | Reached skill level 1 in Throwing
  3291 | D:4      | Noticed Grinder
  3328 | D:4      | Paralysed by Grinder for 3 turns
  3400 | D:5      | Entered Level 5 of the Dungeon
  3427 | D:5      | Found a blossoming altar of Fedhas.
  3516 | D:5      | HP: 2/50 [leopard gecko (1)]
  3517 | D:5      | Shot with an arrow by a centaur

Levels and vault maps discovered:
D:1:      mrwooster_arrival_statue_3, layout_loops_corners
D:2:      layout_basic, first_ration, uniq_sigmund
D:3:      layout_basic, okawaru_trees_1
D:4:      layout_gridville, old_standard_altar,
          gammafunk_temple_overflow_elements, ebering_ghost_sewer_f,
          uniq_grinder
D:5:      layout_gridville, fedhas_bush_and_centaur_altar,
          gup_sewer_entry_spiral, trog_three_pillars_becter, uniq_pikel

Skill      XL: |  1  2  3  4  5  6  7 |
---------------+----------------------+-----
Short Blades   | 2 3 |  3.4
Armour         | 1 2 |  2.2
Stealth        | 2 3 |  3.0
Evocations     | 4 |  4.4
Dodging        | 3 |  3.2
Fighting       | 2 |  2.0
Throwing       | 1 |  1.0

Action                   |  1- 3 |  4- 6 |  7- 9 || total
-------------------------+-------+-------+-------++-------
Melee: Short sword       |    47 |   168 |    32 ||   247
       Bite              |       |     3 |     4 ||     7
       Dagger            |       |       |    23 ||    23
Throw: Dart              |       |    14 |    12 ||    26
Evoke: Wand              |     4 |    23 |     2 ||    29
  Use: Potion            |       |     5 |     1 ||     6
       Scroll            |       |       |     6 ||     6
 Stab: Sleeping          |     3 |     4 |     1 ||     8
       Paralysed         |     5 |       |       ||     5
  Eat: Chunk             |       |     7 |       ||     7
Armor: Leather armour    |     8 |    53 |    25 ||    86
Dodge: Dodged            |    29 |   121 |    36 ||   186
